 Dungeon Crawl Stone Soup version 0.22-a0-538-g76cc104 (webtiles) character file.

2936 inc the Conjurer (level 9, -1/56 HPs)
             Began as an Octopode Ice Elementalist on June 23, 2018.
             Was an Elder of Sif Muna.
             Slain by a wolf (5 damage)
             ... led by Grum
             ... on level 8 of the Dungeon.
             The game lasted 00:22:44 (10557 turns).

inc the Conjurer (Octopode Ice Elementalist)       Turns: 10557, Time: 00:22:45

Health: -1/56      AC:  1    Str:  7    XL:     9   Next: 80%
Magic:  11/26      EV: 13    Int: 21    God:    Sif Muna [****..]
Gold:   236        SH:  2    Dex: 12    Spells: 7/19 levels left

rFire    . . .     SeeInvis .   j - +2 long sword (holy)
rCold    . . .     Gourm    .   (no shield)
rNeg     . . .     Faith    .   (helmet restricted)
rPois    .         Spirit   .   D - +2 amulet of reflection
rElec    .         Reflect  +   o - ring of resist corrosion
rCorr    +         Harm     .   p - ring of stealth
MR       .....     Clarity  +   s - ring of magical power
Stlth    ++++......             z - ring of fire
HPRegen  0.18/turn              w - ring of ice
MPRegen  0.20/turn              (no ring)
                                (no ring)
                                (no ring)

@: no status effects
A: almost no armour, stealthy swim, amphibious, 8 rings, constrict 8, camouflage
1, clarity, robust 1, gelatinous body 1
a: Divine Energy, Channel Magic, Forget Spell, Renounce Religion


You were on level 8 of the Dungeon.
You worshipped Sif Muna.
Sif Muna was greatly pleased with you.
You were not hungry.

You visited 2 branches of the dungeon, and saw 9 of its levels.

You collected 236 gold pieces.

Inventory:

Hand Weapons
 d - a +0 whip
 e - a +0 short sword
 j - a +2 long sword of holy wrath (weapon)
 k - a +1 mace of holy wrath
 u - the +10 hunting sling of the King {venom, *Slow +Blink rPois Dex+3}
   (You found it on level 4 of the Dungeon)

   It poisons the ammo it fires.
   It affects your dexterity (+3).
   It protects you from poison.
   It lets you blink.
   It may slow you when you take damage.
 B - a +0 dagger
Magical Staves
 a - an uncursed staff of wizardry
Jewellery
 o - a ring of resist corrosion (left tentacle)
 p - a ring of stealth (right tentacle)
 s - a ring of magical power (on tentacle)
 w - a ring of ice (on tentacle)
 z - a ring of fire (on tentacle)
 D - a +2 amulet of reflection (around mantle)
Wands
 l - a wand of digging (6)
 r - a wand of flame (60)
 t - a wand of enslavement (16)
Scrolls
 b - 3 scrolls of remove curse
 g - 4 scrolls of teleportation
 h - 3 scrolls of enchant weapon
 i - a scroll of enchant armour
 n - a scroll of fear {unknown}
 v - 2 scrolls of identify
 y - 4 scrolls of random uselessness
 C - a scroll of magic mapping {unknown}
Potions
 f - 2 potions of mutation
 m - a potion of brilliance
 q - a potion of lignification
 x - a potion of ambrosia
 A - a potion of cancellation
Comestibles
 c - 8 rations


   Skills:
 - Level 2.0 Dodging
 - Level 2.6 Stealth
 - Level 5.5 Spellcasting
 + Level 7.7 Conjurations
 - Level 7.0 Summonings
 - Level 6.4 Ice Magic


You had 7 spell levels left.
You knew the following spells:

 Your Spells              Type           Power        Failure   Level  Hunger
a - Freeze                Ice            ####         1%          1    None
b - Ozocubu's Armour      Chrm/Ice       ####....     9%          3    ##.....
c - Throw Icicle          Conj/Ice       ######..     5%          4    ####...
d - Summon Ice Beast      Ice/Summ       ######..     6%          4    ####...

Your spell library contained the following spells:

 Spells                   Type           Power        Failure   Level  Hunger
 Throw Frost              Conj/Ice       ######       1%          2    None


Dungeon Overview and Level Annotations

Branches:
Dungeon (8/15)             Temple (1/1) D:4
   Lair: D:8-11

Altars:
Ashenzari
Cheibriados
Dithmenos
Elyvilon
Fedhas
Gozag
Hepliaklqana
Kikubaaqudgha
Makhleb
Nemelex Xobeh
Okawaru
Qazlal
Sif Muna
Trog
Uskayaw
Vehumet
Wu Jian
Xom
Yredelemnul
Zin
The Shining One

Shops:
D:6 ?[(   D:7 (


Innate Abilities, Weirdness & Mutations

You cannot wear most types of armour.
You are very stealthy in the water. (Stealth+)
You are amphibious.
You can wear up to eight rings at the same time.
You can use your tentacles to constrict eight enemies at once.
Your skin changes colour to match your surroundings (Stealth+).
Your rubbery body absorbs attacks. (AC +1, EV +1)
You possess an exceptional clarity of mind.
You are robust. (+10% HP)


Message History

Your ice beast hits the ice beast.
Your ice beast freezes the ice beast.
The ice beast completely resists.
The wolf bites your ice beast!
There is an open door here.
The wolf bites your ice beast but does no damage.
The wolf barely misses you.
Something closely misses your ice beast.
Your ice beast hits the ice beast.
Your ice beast freezes the ice beast.
The ice beast completely resists.
The wolf bites you.
* * * LOW HITPOINT WARNING * * *
Something bites your ice beast. The wolf closely misses you.
Casting: Freeze (safe; 1% risk of failure)
Confirm with . or Enter, or press ? or * to list all spells.
You feel a surge of power!
You miscast Ozocubu's Armour.
Sif Muna protects you from the effects of your miscast!
Something barely misses your ice beast. The wolf bites you!
* * * LOW HITPOINT WARNING * * *
Something bites your ice beast. The wolf bites you.
You die...

#...........#.......#
............#.......#
......##....#.......#
......##....#.......#
..?.........#.......######
............#............##
.....h......#..............
#.....##....#...<..........
#.....##.h..#...@..(.......
'.....#.....#.Yh...........
#.....#.....#..Y...........
#.....'.....Y..............
########....#.......#####..
.#####_#....#.......# ..
.#.#.#.8...>#.......#
............#.......#
.........####.......#


You could see an ice beast, a wolf and 2 friendly ice beasts.

Vanquished Creatures
  A hog (D:7)
  A water moccasin (D:8)
  An orc warrior (D:7)
  A sky beast (D:7)
  A phantom (D:5)
  A centaur (D:7)
  3 ogres (D:8)
  A crocodile (D:7)
  2 big kobolds (D:7)
  2 bullfrogs
  2 howler monkeys (D:7)
  2 crimson imps
  A hound (D:8)
  A jelly (D:4)
  A bullfrog skeleton (D:4)
  3 orc priests
  Jessica (D:2)
  An orc wizard (D:7)
  4 iguanas
  8 worker ants
  A killer bee zombie (D:6)
  A howler monkey zombie (D:5)
  A worker ant zombie (D:5)
  7 adders
  A howler monkey skeleton (D:5)
  A shadow imp (D:5)
  3 oozes
  3 adder skeletons (D:6)
  3 worms
  A dart slug (D:4)
  7 leopard geckos
  9 orcs
  5 ball pythons
  6 giant cockroaches
  5 goblins
  8 hobgoblins
  14 jackals
  A quokka (D:5)
  3 bats
  19 kobolds
  2 leopard gecko zombies
  A quokka skeleton (D:4)
  3 rats
143 creatures vanquished.

Vanquished Creatures (collateral kills)
  A deep elf mage (D:6)
  3 hogs (D:7)
  A human (D:7)
  Grum (D:8)
  A hungry ghost (D:7)
  An ice beast (D:6)
  2 ogres
  A centaur (D:6)
  A howler monkey (D:7)
  An orc wizard (D:7)
  An orc (D:7)
  A jackal (D:5)
15 creatures vanquished.

Vanquished Creatures (others)
  5 plants (D:8)
5 creatures vanquished.

Grand Total: 163 creatures vanquished

Notes
Turn   | Place    | Note
-------+----------+-------------------------------------------
     0 | D:1      | inc the Octopode Ice Elementalist began the quest for the Orb.
     0 | D:1      | Reached XP level 1. HP: 11/11 MP: 3/3
   248 | D:1      | Reached XP level 2. HP: 17/17 MP: 5/5
   886 | D:1      | Reached XP level 3. HP: 14/21 MP: 6/6
  1782 | D:2      | Noticed Jessica
  1818 | D:2      | Killed Jessica
  1818 | D:2      | Reached skill level 5 in Ice Magic
  1818 | D:2      | Reached XP level 4. HP: 25/27 MP: 4/7
  2607 | D:3      | Found a white marble altar of Elyvilon.
  2691 | D:3      | You fall through a shaft for 2 floors!
  2691 | D:5      | Entered Level 5 of the Dungeon
  2698 | D:5      | Reached XP level 5. HP: 17/31 MP: 4/8
  2858 | D:5      | Noticed a phantom
  2884 | D:5      | Noticed a phantom
  3133 | D:4      | Found a staircase to the Ecumenical Temple.
  3136 | D:4      | Got an ivory hunting sling
  3140 | Temple   | Entered the Ecumenical Temple
  3301 | D:4      | Identified the +10 hunting sling of the King {venom, *Slow +Blink rPois Dex+3} (You found it on level 4 of the Dungeon)
  3322 | Temple   | Became a worshipper of Sif Muna the Loreminder
  3393 | D:4      | Learned a level 3 spell: Ozocubu's Armour
  3398 | D:4      | Learned a level 4 spell: Summon Ice Beast
  3407 | D:4      | Reached skill level 1 in Summonings
  3591 | D:4      | Reached XP level 6. HP: 24/36 MP: 9/9
  4118 | D:5      | Found a shattered altar of Ashenzari.
  4417 | D:5      | Killed a phantom
  4583 | D:5      | Reached XP level 7. HP: 35/41 MP: 7/10
  4642 | D:5      | Reached * piety under Sif Muna
  5682 | D:6      | Found Ponounn's Antique Weapon Shop.
  5701 | D:6      | Gained mutation: You are robust. (+10% HP) [potion of mutation]
  5701 | D:6      | Gained mutation: You possess an exceptional clarity of mind. [potion of mutation]
  5705 | D:6      | HP: 3/67 [poisoned by a worker ant]
  5707 | D:6      | Reached skill level 5 in Summonings
  5710 | D:6      | HP: 1/67 [poisoned by a worker ant]
  5717 | D:6      | HP: 1/67 [poisoned by a worker ant]
  5725 | D:6      | HP: 1/67 [poisoned by a worker ant]
  6680 | D:6      | Noticed a deep elf mage
  6688 | D:6      | Killed a deep elf mage
  6688 | D:6      | Reached XP level 8. HP: 50/50 MP: 4/14
  7134 | D:7      | Reached ** piety under Sif Muna
  7134 | D:7      | Reached skill level 5 in Spellcasting
  7582 | D:6      | Found Gixe's Magic Scroll Boutique.
  7979 | D:6      | Found Jaddenn's Antique Armour Emporium.
  8626 | D:7      | Reached *** piety under Sif Muna
  8766 | D:7      | Learned a level 4 spell: Throw Icicle
  9072 | D:7      | Reached XP level 9. HP: 46/56 MP: 14/17
  9322 | D:7      | Found Pine Eke's Weapon Shop.
  9381 | D:7      | Reached skill level 5 in Conjurations
 10075 | D:8      | Reached **** piety under Sif Muna
 10499 | D:8      | Found an opulent altar of Gozag.
 10501 | D:8      | Found a glowing golden altar of the Shining One.
 10509 | D:8      | Found a snail-covered altar of Cheibriados.
 10510 | D:8      | Found a hide-covered altar of Uskayaw.
 10511 | D:8      | Found a hazy altar of Hepliaklqana.
 10534 | D:8      | Noticed Grum
 10548 | D:8      | Killed Grum
 10557 | D:8      | Slain by a wolf

Vault maps used:
D:1:      roderic_chinese_lattice_arrival
D:2:      uniq_jessica
D:3:      overflow_temple_1_default, first_ration, uniq_grinder
D:4:      temple_green, abandoned_shop
D:5:      nicolae_ashenzari_panopticon
D:6:      serial_shops, shop_scrolls, nicolae_shop_stone, shop,
          guppyfry_early_elven_hall
D:7:      serial_shops, shop, grunt_livestock
D:8:      minitemple, david_lair_shrubbed, nicolae_wwwww, uniq_grum
Temple:   eino_narrow_crystal_temple

Skill      XL: |  1  2  3  4  5  6  7  8  9 |
---------------+----------------------------+-----
Ice Magic      | 4 5 6 |  6.4
Summonings     | 2 4 5 7 |  7.0
Spellcasting   | 4 5 |  5.5
Conjurations   | 2 7 |  7.7
Dodging        | |  2.0
Stealth        | |  2.6

Action                   |  1- 3 |  4- 6 |  7- 9 || total
-------------------------+-------+-------+-------++-------
Melee: Whip              |    60 |    36 |       ||    96
       Constrict         |    19 |    22 |    27 ||    68
       Tentacles         |     7 |    20 |    13 ||    40
       Unarmed           |     1 |       |       ||     1
       Mace              |       |    42 |    54 ||    96
       Long sword        |       |       |    36 ||    36
 Cast: Freeze            |    21 |    42 |    98 ||   161
       Ozocubu's Armour  |       |     1 |    12 ||    13
       Summon Ice Beast  |       |       |    21 ||    21
       Throw Icicle      |       |       |    29 ||    29
  Use: Scroll            |       |     9 |     4 ||    13
       Potion            |       |       |     4 ||     4
 Stab: Sleeping          |     5 |     9 |    10 ||    24
  Eat: Chunk             |     3 |     7 |    13 ||    23
       Ration            |       |     1 |     5 ||     6
Armor: Skin              |     3 |     5 |    20 ||    28
Dodge: Dodged            |    43 |    61 |   133 ||   237
Block: Other             |       |       |     3 ||     3
       Rpst.: Long sword |       |       |    23 ||    23

Table legend:
 A = Spawn XP
 B = Non-spawn XP
 C = Spawn XP percentage of total XP
 D = Spawn monster count
 E = Non-spawn monster count
 F = Spawn count percentage of total count
 G = Total turns spent on level
                    A         B        C        D         E        F      G
               +---------+---------+-------+---------+---------+-------+---------
         Total |       0 |    4195 |   0.0 |       0 |     158 |   0.0 | 10557
               +---------+---------+-------+---------+---------+-------+---------
           D:1 |       0 |      43 |   0.0 |       0 |      21 |   0.0 |  1513
           D:2 |       0 |      87 |   0.0 |       0 |      23 |   0.0 |   894
           D:3 |       0 |      20 |   0.0 |       0 |       7 |   0.0 |   284
           D:4 |       0 |     243 |   0.0 |       0 |      15 |   0.0 |  1383
           D:5 |       0 |     261 |   0.0 |       0 |      16 |   0.0 |  1313
           D:6 |       0 |    1005 |   0.0 |       0 |      28 |   0.0 |  2727
           D:7 |       0 |    1809 |   0.0 |       0 |      37 |   0.0 |  1773
           D:8 |       0 |     727 |   0.0 |       0 |      11 |   0.0 |   497
               +---------+---------+-------+---------+---------+-------+---------
